 Dungeon Crawl Stone Soup version 0.32-a0-699-g1ee5eff69a (webtiles) character file.

Game seed: 17797851656488916363

202 runemasterragnar the Ruffian (level 5, -5/51 HPs)
             Began as an Octopode Shapeshifter on Mar 14, 2024.
             Was an Initiate of Ru.
             Killed by divine providence
             ... invoked by an orc priest
              (12 damage)
             ... on level 4 of the Dungeon.
             The game lasted 00:03:04 (2339 turns).

runemasterragnar the Ruffian (OpSh)                 Turns: 2339, Time: 00:03:05

Health: -5/51      AC: 22    Str: 16    XL:     5   Next: 80%
Magic:  5/5        EV:  2    Int: 12    God:    Ru [......]
Gold:   144        SH:  0    Dex: 11    Spells: 4/4 levels left

rFire   . .          .
                       - Unarmed
rCold   . . .        (no shield)
rNeg    . . .        (helmet currently unavailable)
rPois   +            (no amulet)
rElec   .            (no ring)
rCorr   .            (no ring)
SInv    .            (no ring)
Will    .....        (no ring)
Stlth   ++           (no ring)
HPRegen 0.28/turn    (no ring)
MPRegen 0.09/turn    (no ring)
                     (no ring)

%: no passive effects
@: tree-form
A: stationary, stasis, torment immunity, boosted hp, almost no armour,
(amphibious), 8 rings, (camouflage 1), (gelatinous body 1), (nimble swimmer 1),
(tentacles)
a: Renounce Religion


You were on level 4 of the Dungeon.
You worshipped Ru.
Ru was noncommittal.
You were a tree.
You visited 2 branches of the dungeon, and saw 5 of its levels.

You collected 144 gold pieces.

Inventory:

Magical Staves
 f - a staff of alchemy
Talismans
 b - a beast talisman (active)
 c - a flux talisman
Scrolls
 e - 2 scrolls of teleportation
 i - a scroll of amnesia {unknown}
 l - a scroll of blinking {unknown}
Potions
 d - a potion of heal wounds
 g - a potion of invisibility {unknown}
 h - 2 potions of curing
 j - a potion of mutation {unknown}
 k - a potion of enlightenment {unknown}


   Skills:
 + Level 2.0 Fighting
 + Level 2.8 Dodging
 + Level 2.4 Stealth
 * Level 4.3 Unarmed Combat
 * Level 4.0 Shapeshifting


You had 4 spell levels left.
You didn't know any spells.
Your spell library contained the following spells:

 Spells                   Type           Power      Damage    Failure   Level
 Slow                     Hex            0%         N/A       32%         1
 Confusing Touch          Hex            0%         N/A       69%         3
 Vampiric Draining        Necr           0%         2d6       69%         3
 Summon Forest            Summ/Tloc      0%         N/A       100%        5
 Summon Mana Viper        Hex/Summ       0%         N/A       100%        5
 Sculpt Simulacrum        Ice/Alch       0%         N/A       100%        6
 Summon Cactus Giant      Summ           0%         N/A       100%        6
 Ozocubu's Refrigeration  Ice            0%         4d7       100%        7
 Polar Vortex             Ice            0%         N/A       100%        9


Dungeon Overview and Level Annotations

Branches:
Dungeon (4/15)             Temple (1/1) D:4

Altars:
Ashenzari
Elyvilon
Fedhas
Gozag
Hepliaklqana
Kikubaaqudgha
Makhleb
Nemelex Xobeh
Okawaru
Qazlal
Ru
Sif Muna
Vehumet
Xom
Yredelemnul
The Shining One


Innate Abilities, Weirdness & Mutations

You are a tree.
Your roots penetrate the ground, keeping you stationary.
You cannot be teleported.
You are immune to unholy pain and torment.
Your maximum health is greatly increased.
You cannot wear most types of armour.
((You are amphibious.))
You can wear up to eight rings at the same time.
((Your skin changes colour to match your surroundings (Stealth+).))
((Your rubbery body absorbs attacks. (AC +1, EV +1)))
((You are camouflaged when in or above water. (Stealth+)))
((You have tentacles for arms and can constrict up to eight enemies at once.))


Message History

You barely miss the orc warrior. The orc hits you but does no damage.
The orc warrior hits you but does no damage.
The orc priest hits you but does no damage.
You smack the orc warrior!
The orc warrior is moderately wounded.
The orc hits you but does no damage.
The orc priest hits you but does no damage.
The orc warrior hits you with a +0 war axe.
You closely miss the orc warrior.
The orc warrior is moderately wounded.
The orc hits you but does no damage.
The orc warrior hits you but does no damage.
The orc priest looks braver for a moment.
You completely miss the orc warrior.
The orc warrior is moderately wounded.
The orc hits you but does no damage.
The orc warrior hits you with a +0 war axe.
The orc priest hits you but does no damage.
You hit the orc warrior.
The orc warrior is heavily wounded.
You closely miss the orc warrior.
The orc warrior is heavily wounded.
The orc warrior hits you with a +0 war axe.
The orc hits you but does no damage.
The orc priest hits you but does no damage.
You closely miss the orc warrior.
The orc warrior is heavily wounded.
The orc completely misses you. The orc warrior completely misses you.
The orc priest mumbles some strange prayers to Beogh against you.
Beogh smites you!
* * * LOW HITPOINT WARNING * * *
You hit the orc warrior.
The orc warrior is severely wounded.
The orc hits you with a +0 flail.
* * * LOW HITPOINT WARNING * * *
The orc warrior barely misses you.
The orc priest invokes the aid of Beogh against you.
Beogh smites you!
You die...
Ru respects your ultimate sacrifice.

#.##.# #.#### #.#..#
#.# #. ##.#.# #.# ..
##...# #.# .. ##..##
##.# .# ##..## #..#
#.### .<...# #.##
...>#
##...#####.######o...#
##..............♣o...#
...........######o...#
##..####...# ....#
#.## ##### ....# ###
....# #####


You could see an orc warrior, an orc priest and an orc.

Vanquished Creatures
  Natasha (twice) (D:2)
  An iguana (D:3)
  An orc wizard (D:3)
  A gnoll (D:1)
  2 adders
  A dart slug (D:2)
  A ribbon worm (D:3)
  6 orcs
  4 ball pythons
  5 endoplasms
  3 giant cockroaches
  8 goblins
  6 hobgoblins
  5 quokkas
  4 bats
  5 frilled lizards
  6 kobolds
  5 rats
66 creatures vanquished.

Notes
Turn   | Place    | Note
-------+----------+-------------------------------------------
     0 | D:1      | runemasterragnar the Octopode Shapeshifter began the quest
                  | for the Orb.
     0 | D:1      | Reached XP level 1. HP: 13/13 MP: 1/1
   110 | D:1      | Reached XP level 2. HP: 15/18 MP: 2/2
   354 | D:1      | Reached XP level 3. HP: 19/23 MP: 3/3
   361 | D:1      | Reached skill level 1 in Stealth
   827 | D:2      | Found an ancient bone altar of Kikubaaqudgha.
  1068 | D:2      | Noticed Natasha
  1075 | D:2      | Killed Natasha
  1076 | D:2      | Reached XP level 4. HP: 26/28 MP: 4/4
  1175 | D:2      | Noticed Natasha
  1180 | D:2      | Killed Natasha
  1287 | D:3      | Reached XP level 5. HP: 34/34 MP: 5/5
  2203 | D:4      | Found a hazy altar of Hepliaklqana.
  2210 | D:4      | Found a staircase to the Ecumenical Temple.
  2246 | Temple   | Entered the Ecumenical Temple
  2252 | Temple   | Became a worshipper of Ru the Awakened
  2324 | D:4      | Noticed an orc warrior
  2339 | D:4      | Killed from afar by an orc priest

Illustrated notes

Levels and vault maps discovered:
D:1:      mrwooster_arrival_arrow, layout_basic, minmay_misc_feat_doors
D:2:      layout_rooms, basic_altar, uniq_natasha
D:3:      layout_rooms
D:4:      layout_rooms, general_overflow_altar, minmay_temple_entry_mist
Temple:   nicolae_temple_bog_church

Skill      XL: |  1  2  3  4  5 |
---------------+----------------+-----
Stealth        | 1 2 |  2.4
Fighting       | 2 |  2.0
Unarmed Combat | 4 |  4.3
Shapeshifting  | 4 |  4.0
Dodging        | |  2.8

Action                     |  1- 3 |  4- 6 || total
---------------------------+-------+-------++-------
  Melee: Unarmed           |    53 |    68 ||   121
         Constrict         |    11 |    14 ||    25
         Tentacles         |     7 |    14 ||    21
         Punch             |     2 |     4 ||     6
    Use: Scroll            |       |     9 ||     9
         Potion            |       |     2 ||     2
   Stab: Sleeping          |     9 |     4 ||    13
         Distracted        |     1 |       ||     1
 Armour: Skin              |    18 |    51 ||    69
  Dodge: Dodged            |    16 |    45 ||    61

Table legend: (Time is in decaauts)
 A = Elapsed time spent in this place.
 B = Non-inter-level travel time spent in this place.
 C = Inter-level travel time spent in this place.
 D = Time resting spent in this place.
 E = Time spent auto-exploring this place.
 F = Levels seen in this place.
 G = Mean time per level.
                   A        B        C        D        E       F      G
               +--------+--------+--------+--------+--------+-----+--------+
         Total |   2331 |   2295 |     36 |    423 |   1439 |   5 |  466.2 |
       Dungeon |   2318 |   2287 |     31 |    423 |   1439 |   4 |  579.5 |
        Temple |     13 |      8 |      5 |      0 |      0 |   1 |   13.0 |
               +--------+--------+--------+--------+--------+-----+--------+

Top non-repeatable levels by time:
     D:1: 812 daAuts
     D:2: 638 daAuts
     D:3: 615 daAuts
     D:4: 251 daAuts
  Temple: 13 daAuts
